 Dungeon Crawl Stone Soup version 0.31-a0-214-gb37851dbb3 (webtiles) character file.

Game seed: 13595954869780106828

166 qw the Shooter (level 5, 0/32 HPs)
             Began as a Gargoyle Hexslinger on July 1, 2023.
             Slain by a white imp (2 damage)
             ... on level 4 of the Dungeon.
             The game lasted 00:01:08 (2878 turns).

qw the Shooter (Gargoyle Hexslinger)                Turns: 2878, Time: 00:01:09

Health: 0/32       AC: 15    Str: 12    XL:     5   Next: 47%
Magic:  6/6        EV: 10    Int: 13    God:
Gold:   122        SH:  0    Dex: 14    Spells: 5/6 levels left

rFire   . . .        Y - +1 sling
rCold   . . .        (no shield)
rNeg    + . .        l - +0 ring mail
rPois   inf          e - +0 helmet
rElec   +            i - +2 cloak
rCorr   .            d - +0 pair of gloves
SInv    .            f - +0 pair of boots
Will    .....        m - amulet of the acrobat
Stlth   +            (no ring)
HPRegen 0.25/turn    (no ring)
MPRegen 0.10/turn

%: acrobat
@: no status effects
A: sickness immunity, AC +4, negative energy resistance 1, electricity
resistance, torment resistance 1, petrification resistance
a: no special abilities


You were on level 4 of the Dungeon.
You visited 1 branch of the dungeon, and saw 4 of its levels.

You collected 122 gold pieces.


Innate Abilities, Weirdness & Mutations

You are immune to sickness and miasma.
Your stone body is resilient. (AC +4)
You are immune to poison.
You resist negative energy. (rN+)
You are resistant to electric shocks. (rElec)
You are resistant to unholy torment.
You are immune to petrification.


   Skills:
 - Level 2.8 Fighting
 + Level 4.7 Ranged Weapons
 - Level 1.0 Armour
 - Level 1.5 Dodging
 - Level 1.0 Spellcasting
 - Level 2.6 Hexes


You had 5 spell levels left.
You knew the following spells:

 Your Spells              Type           Power      Damage    Failure   Level
a - Slow                  Hex            28%        N/A       22%         1

Your spell library contained the following spells:

 Spells                   Type           Power      Damage    Failure   Level
 Inner Flame              Hex/Fire       4%         N/A       73%         3
 Portal Projectile        Hex/Tloc       8%         N/A       73%         3
 Cause Fear               Hex            3%         N/A       91%         4

Inventory:

Hand Weapons
 Y - a +1 sling (weapon)
Armour
 d - a +0 pair of gloves (worn)
 e - a +0 helmet (worn)
 f - a +0 pair of boots (worn)
 i - a +2 cloak (worn)
 l - a +0 ring mail (worn)
Jewellery
 m - an amulet of the acrobat (around neck)
Wands
 b - a wand of digging (3)
Scrolls
 h - a scroll of identify
Potions
 a - a potion of resistance {unknown}
 g - a potion of mutation {unknown}
 j - a potion of curing {unknown}

Dungeon Overview and Level Annotations

Branches:
Dungeon (4/15)
 Temple: D:4-7

Altars:
Fedhas
Xom

Annotations:
D:3 2 transporters, qw's ghost, amateur MiHs


Message History

The shadow imp hits you but does no damage.
The white imp gestures at you. The puff of frost hits you!
You shoot a sling bullet. The sling bullet hits the white imp.
The white imp is moderately wounded.
The shadow imp gestures at you.
You barely resist. The white imp gestures at you. The puff of frost hits you!
The shadow imp hits you but does no damage.
The white imp hits you but does no damage.
You shoot a sling bullet. The sling bullet hits the white imp.
The white imp is heavily wounded.
The shadow imp barely misses you.
The white imp hits you but does no damage.
You shoot a sling bullet.
The sling bullet barely misses the white imp.
The shadow imp hits you but does no damage.
The white imp closely misses you.
You shoot a sling bullet.
The sling bullet barely misses the white imp.
An ufetubus comes into view.
The shadow imp barely misses you.
The white imp hits you but does no damage.
The shadow imp misses you. The white imp gestures at you.
The puff of frost hits you.
You shoot a sling bullet. The ufetubus shouts!
The sling bullet hits the white imp.
The white imp is almost dead.
The shadow imp lashes its tail.
The shadow imp hits you but does no damage.
The white imp gestures at you. The puff of frost hits you.
You shoot a sling bullet.
The sling bullet closely misses the white imp.
The shadow imp closely misses you. The white imp hits you.
The white imp freezes you.
You die...

...~¤¤¤. #... . .~~~~~~
#.... .. .~~~~.#....
...7~~?~7...# ......7..#
...... .....5# ......
#55.# .....# #@.# #....
####..## # #...##.<##..#
>.# #...#.[.##..#####..#
+#...#..####........#
##.....######.......##
............#...##.....#
.....8......#...#.......
..............P..~.7....


You could see a white imp, a shadow imp and an ufetubus.

Vanquished Creatures
  Jessica (D:2)
  An orc wizard (D:3)
  Robin (D:2)
  An adder (D:3)
  An ufetubus (D:4)
  A worm (D:3)
  3 dart slugs (D:2)
  6 orcs
  4 endoplasms
  2 giant cockroaches (D:1)
  12 goblins
  10 hobgoblins
  6 quokkas
  5 ball pythons
  3 bats
  4 frilled lizards
  7 kobolds
  3 rats
71 creatures vanquished.

Notes
Turn   | Place    | Note
-------+----------+-------------------------------------------
     0 | D:1      | qw the Gargoyle Hexslinger began the quest for the Orb.
     0 | D:1      | Reached XP level 1. HP: 12/12 MP: 2/2
     0 | D:1      | 0 ||| qw: Version: 0.3-a-32-g5962c71
     0 | D:1      | 0 ||| qw: Game counter: 7554
     0 | D:1      | 0 ||| qw: Melee chars always use a shield: true
     0 | D:1      | 0 ||| qw: God list: Okawaru
     0 | D:1      | 0 ||| qw: Allow faded altars: false
     0 | D:1      | 0 ||| qw: Do Orc after clearing Dungeon:15 true
     0 | D:1      | 0 ||| qw: Do second Lair branch before Depths: true
     0 | D:1      | 0 ||| qw: Lair rune preference: random
     0 | D:1      | 0 ||| qw: Goals: Normal
     0 | D:1      | 0 ||| PLANNING D:1-11
   212 | D:1      | Reached XP level 2. HP: 16/16 MP: 3/3
   837 | D:1      | 837 ||| UPGRADING to +0 cloak.
   842 | D:1      | 842 ||| UPGRADING to +0 pair of boots.
   847 | D:1      | 847 ||| UPGRADING to +2 cloak.
   857 | D:1      | 857 ||| DROPPING +0 cloak.
   858 | D:1      | 858 ||| UPGRADING to +0 leather armour.
   868 | D:1      | 868 ||| DROPPING +0 robe.
   869 | D:1      | 869 ||| UPGRADING to +0 ring mail.
   879 | D:1      | 879 ||| DROPPING +0 leather armour.
   880 | D:1      | 880 ||| READING scroll labelled BEHEOKUREG.
   881 | D:1      | 881 ||| READING scroll labelled CULI DIOSEIDYQEGE.
   886 | D:1      | 886 ||| READING 4 scrolls labelled OKIR UKLUFUSO.
   887 | D:1      | 887 ||| DROPPING scroll of poison.
   888 | D:1      | 888 ||| DROPPING 3 scrolls of blinking.
   911 | D:2      | Reached skill level 3 in Ranged Weapons
   958 | D:2      | Found a shimmering altar of Xom.
  1037 | D:2      | Noticed Jessica
  1048 | D:2      | Killed Jessica
  1049 | D:2      | Reached XP level 3. HP: 22/22 MP: 4/4
  1167 | D:2      | Noticed Robin
  1173 | D:2      | Reached skill level 1 in Armour
  1174 | D:2      | Reached XP level 4. HP: 22/27 MP: 5/5
  1193 | D:2      | Killed Robin
  1197 | D:2      | 1197 ||| FLEEEEING.
  1198 | D:2      | 1198 ||| FLEEEEING.
  1199 | D:2      | 1199 ||| FLEEEEING.
  1200 | D:2      | 1200 ||| FLEEEEING.
  1201 | D:2      | 1201 ||| FLEEEEING.
  1202 | D:2      | 1202 ||| FLEEEEING.
  1203 | D:2      | 1203 ||| STAIRDANCE
  1264 | D:2      | 1264 ||| STAIRDANCE
  1906 | D:2      | 1906 ||| UPGRADING to +0 helmet.
  1911 | D:2      | 1911 ||| UPGRADING to amulet of the acrobat.
  1916 | D:2      | 1916 ||| READING scroll labelled BUTYXAT ENKIUCO.
  1917 | D:2      | 1917 ||| READING scroll labelled CUDIBU SEUR.
  1918 | D:2      | 1918 ||| READING scroll labelled QIULYLL HI JEAL.
  2000 | D:3      | Found a transporter.
  2001 | D:3      | Noticed an ogre
  2001 | D:3      | Noticed qw's ghost (amateur MiHs)
  2016 | D:3      | Found a transporter.
  2112 | D:3      | Reached skill level 4 in Ranged Weapons
  2112 | D:3      | Reached XP level 5. HP: 23/32 MP: 6/6
  2189 | D:3      | 2189 ||| UPGRADING to +0 pair of gloves.
  2605 | D:3      | Found a blossoming altar of Fedhas.
  2733 | D:3      | 2733 ||| DRINKING 2 smoky coppery potions.
  2734 | D:3      | 2734 ||| DROPPING potion of magic.
  2784 | D:4      | 2784 ||| STAIRDANCE
  2877 | D:4      | HP: 4/32 [white imp/puff of frost (5)]
  2878 | D:4      | Slain by a white imp

Levels and vault maps discovered:
D:1:      dpeg_arrival_rhombi, layout_basic
D:2:      layout_basic, basic_altar, kennysheep_path_1, minmay_split_cup_small,
          uniq_robin, uniq_jessica
D:3:      layout_loops_ring, mainiacjoe_overflow_tiny_flanked,
          gammafunk_ghost_arena
D:4:      corexii_shantytown, layout_layer_cave, kennysheep_mini, serial_shops,
          shop, serial_demonic, serial_demonic_f, serial_demonic_f,
          serial_demonic_e, serial_demonic_f, serial_demonic_g,
          serial_demonic_a, serial_demonic_g, serial_demonic_c,
          grunt_ministairs_6

Skill      XL: |  1  2  3  4 |
---------------+-------------+-----
Ranged Weapons | 3 4 |  4.7
Fighting       | 2 |  2.8
Armour         | 1 |  1.0
Dodging        | |  1.5
Spellcasting   | |  1.0
Hexes          | |  2.6

Action                     |  1- 3 |  4- 6 || total
---------------------------+-------+-------++-------
   Fire: Sling             |    78 |   191 ||   269
    Use: Scroll            |     3 |     3 ||     6
         Potion            |       |     1 ||     1
 Armour: Robe              |     7 |       ||     7
         Ring mail         |    27 |   115 ||   142
  Dodge: Dodged            |    20 |    91 ||   111

Table legend:
 A = Non-vault XP
 B = Vault XP
 C = Vault XP percentage of total XP
 D = Non-vault monster count
 E = Vault monster count
 F = Vault count percentage of total count
                 A         B        C        D         E       F
            +---------+---------+-------+---------+---------+-------
      Total |     143 |      95 |  39.9 |      51 |      20 |  28.2
            +---------+---------+-------+---------+---------+-------
        D:1 |      17 |       5 |  22.7 |      11 |       3 |  21.4
        D:2 |      41 |      72 |  63.7 |      22 |      12 |  35.3
        D:3 |      85 |       6 |   6.6 |      18 |       2 |  10.0
        D:4 |       0 |      12 | 100.0 |       0 |       3 | 100.0
            +---------+---------+-------+---------+---------+-------
